Map: Orbital Shipyard

Players

Andres

  • Race: Zerg Zerg
  • League: Diamond

FLORENCIO - Winner!

  • Race: Protoss Protoss
  • League: Diamond

VOD

Have the link to the VOD?

Description

Voids all over the place Recall abuse

Time

  • Played on: Feb. 28, 2016, 1:24 p.m.
  • Length: 15:19
Show
View Real Time Build Order
Export as new Build Order

Andres Zerg 

Build Orders: Hatch First 

Get SALT Encoding   

  12  0:01  Drone  
  13  0:12  Overlord  
  13  0:21  Drone  
  14  0:31  Drone x2  
  14  0:34  Drone  
  17  0:53  Hatchery  
  16  1:01  Drone x2, Extractor  
  17  1:16  Spawning Pool  
  16  1:19  Drone  
  16  1:24  Drone  
  18  1:28  Drone  
  19  1:38  Overlord  
  19  1:51  Drone  
  20  2:02  Queen  
  20  2:04  Zergling x2  
  23  2:10  Queen  
  25  2:21  Roach Warren  
  24  2:35  Overlord  
  24  2:49  Overlord  
  24  3:03  Roach x6  
  36  3:16  Overlord  
  36  3:35  Drone x6  
  42  3:53  Drone x2  
  42  3:54  Hatchery, Drone x2  
  45  4:04  Ravager x3  
  48  4:11  Ravager  
  48  4:15  Drone x3  
  36  4:45  Drone x2  
  36  4:46  Drone x7  
  36  4:47  Drone  
  45  5:02  Spore Crawler  
  45  5:04  Spore Crawler  
  45  5:05  Spore Crawler  
  42  5:07  Spore Crawler  
  42  5:11  Queen  
  42  5:12  Lair, Extractor  
  42  5:13  Extractor  
  41  5:16  Extractor  
  41  5:19  Queen  
  42  5:24  Overlord x4  
  42  5:29  Spore Crawler  
  42  5:30  Spore Crawler x2  
  39  5:39  Drone  
  39  5:40  Drone x2  
  42  5:43  Drone  
  42  5:44  Drone x2  
  42  5:47  Drone  
  42  5:48  Drone x5  
  51  6:04  Drone x7  
  58  6:17  Evolution Chamber x2  
  56  6:21  Hydralisk Den, Zergling x8  
  56  6:22  Zergling x2  
  56  6:25  Metabolic Boost  
  60  6:47  Spore Crawler  
  55  6:48  Spore Crawler  
  55  6:52  Hydralisk x6  
  55  6:53  Hydralisk  
  64  7:18  Hatchery  
  63  7:30  Drone  
  63  7:31  Drone x4  
  68  7:41  Overlord x3  
  68  7:49  Zerg Missile Weapons Level 1  
  68  7:51  Zerg Ground Armor Level 1  
  68  8:05  Hatchery  
  67  8:08  Hydralisk x4  
  75  8:46  Hydralisk x4  
  75  8:47  Hydralisk x4  
  91  9:12  Hatchery  
  85  9:36  Spire  
  84  9:50  Drone  
  84  9:51  Drone x7  
  84  9:52  Drone x3  
  95  10:05  Pneumatized Carapace  
  95  10:12  Extractor  
  95  10:13  Extractor  
  92  10:36  Hydralisk x6  
  104  10:54  Overlord x5  
  104  11:13  Spire  
  103  11:21  Hatchery  
  92  11:38  Hydralisk  
  92  11:39  Hydralisk x7  
  94  11:40  Hydralisk x6  
  112  11:52  Extractor  
  111  12:01  Lurker Den  
  111  12:08  Zerg Missile Weapons Level 2  
  111  12:12  Zerg Ground Armor Level 2  
  111  12:16  Hatchery  
  111  12:17  Extractor x2  
  108  12:27  Corruptor  
  110  12:52  Corruptor x3  
  116  13:03  Zerg Flyer Weapons Level 1  
  116  13:06  Drone x3  
  116  13:08  Drone x3  
  122  13:14  Drone x3  
  122  13:15  Drone x3  
  122  13:16  Corruptor, Overlord x5  
  122  13:17  Overlord  
  132  13:34  Lurker x2  
  132  14:00  Corruptor x3  
  138  14:11  Corruptor x2  
  132  14:35  Hydralisk x5  
  132  14:36  Hydralisk x3  
  146  14:52  Hydralisk x2  
  138  14:53  Hydralisk x3  
Show
View Real Time Build Order
Export as new Build Order

FLORENCIO Protoss - Winner!

Build Orders: 1 Gate Expand 

Get SALT Encoding   

  12  0:01  Probe (Chrono Boost)  
  13  0:12  Probe (Chrono Boost)  
  14  0:22  Probe (Chrono Boost)  
  14  0:26  Pylon  
  15  0:44  Probe (Chrono Boost)  
  16  0:51  Gateway  
  16  0:55  Probe (Chrono Boost)  
  17  1:11  Nexus  
  17  1:15  Probe (Chrono Boost)  
  18  1:23  Assimilator  
  18  1:28  Assimilator  
  18  1:35  Pylon  
  18  1:43  Cybernetics Core  
  18  1:54  Probe (Chrono Boost)  
  19  1:56  Zealot  
  21  2:04  Probe (Chrono Boost)  
  22  2:15  Probe (Chrono Boost)  
  23  2:24  Stalker  
  23  2:25  Probe (Chrono Boost)  
  26  2:36  Probe x2 (Chrono Boost)  
  28  2:44  Pylon  
  28  2:46  Probe (Chrono Boost)  
  28  2:47  Mothership Core (Chrono Boost)  
  28  2:48  Assimilator  
  31  2:57  Probe (Chrono Boost)  
  32  3:06  Stargate  
  32  3:08  Probe x2 (Chrono Boost)  
  34  3:19  Stargate  
  32  3:35  Forge  
  32  3:37  Pylon  
  32  3:42  Sentry  
  34  3:50  Void Ray (Chrono Boost)  
  38  4:11  Photon Cannon  
  38  4:12  Photon Cannon  
  38  4:18  Photon Cannon  
  38  4:35  Pylon  
  38  4:45  Void Ray (Chrono Boost)  
  42  4:48  Pylon  
  42  4:49  Probe  
  42  4:51  Probe  
  44  5:00  Probe  
  45  5:10  Probe  
  45  5:12  Probe  
  45  5:13  Void Ray (Chrono Boost)  
  51  5:21  Probe  
  51  5:28  Void Ray (Chrono Boost)  
  56  5:30  Probe  
  56  5:31  Probe  
  58  5:42  Probe x2  
  59  5:44  Pylon  
  60  5:54  Probe  
  61  6:02  Pylon  
  65  6:08  Void Ray (Chrono Boost)  
  65  6:09  Assimilator, Probe  
  65  6:10  Probe  
  67  6:19  Probe  
  67  6:20  Void Ray (Chrono Boost)  
  67  6:22  Probe  
  67  6:25  Pylon  
  77  6:51  Void Ray (Chrono Boost)  
  77  6:59  Void Ray (Chrono Boost)  
  81  7:10  Nexus  
  81  7:11  Photon Cannon  
  81  7:27  Photon Cannon  
  85  7:31  Assimilator  
  85  7:34  Void Ray (Chrono Boost)  
  85  7:46  Pylon  
  85  7:56  Pylon  
  85  7:59  Pylon  
  85  8:01  Pylon  
  85  8:04  Stargate  
  85  8:05  Stargate, Void Ray (Chrono Boost)  
  93  8:17  Void Ray (Chrono Boost)  
  93  8:40  Probe  
  93  8:42  Void Ray (Chrono Boost)  
  93  8:46  Assimilator  
  98  8:51  Probe  
  98  8:52  Probe  
  100  9:02  Probe  
  100  9:08  Pylon  
  100  9:09  Void Ray x3 (Chrono Boost)  
  113  9:13  Probe x2  
  115  9:21  Protoss Air Weapons Level 1  
  115  9:24  Probe  
  116  9:34  Probe  
  116  9:36  Fleet Beacon  
  117  9:38  Pylon  
  117  9:41  Photon Cannon  
  117  9:42  Photon Cannon  
  117  9:45  Probe  
  118  9:53  Nexus  
  118  9:55  Pylon  
  118  10:04  Probe  
  119  10:13  Assimilator  
  119  10:15  Probe  
  119  10:18  Assimilator  
  120  10:24  Photon Cannon x2  
  120  10:27  Photon Cannon  
  120  10:28  Photon Cannon  
  120  10:31  Photon Cannon  
  120  10:32  Pylon  
  120  10:35  Photon Cannon  
  120  10:37  Pylon  
  124  10:50  Tempest (Chrono Boost)  
  124  10:56  Tempest x3 (Chrono Boost)  
  128  11:02  Photon Cannon  
  128  11:03  Photon Cannon  
  128  11:06  Photon Cannon  
  128  11:09  Pylon  
  128  11:51  Probe  
  129  12:02  Probe  
  129  12:05  Photon Cannon  
  129  12:06  Photon Cannon  
  129  12:08  Pylon  
  130  12:09  Photon Cannon  
  130  12:10  Tempest (Chrono Boost), Photon Cannon  
  130  12:11  Photon Cannon  
  130  12:12  Photon Cannon  
  130  12:14  Photon Cannon  
  130  12:15  Photon Cannon  
  142  12:16  Tempest x2 (Chrono Boost)  
  138  13:09  Tempest (Chrono Boost)  
  138  13:12  Protoss Shields Level 1  
  154  13:15  Tempest x3 (Chrono Boost)  
  154  14:29  Robotics Facility x2  
  154  14:34  Robotics Facility  
  154  14:37  Robotics Facility  
  154  14:42  Pylon  
  154  14:46  Nexus  
  154  14:49  Pylon  
  154  14:52  Pylon  
  154  14:55  Pylon  
  154  15:11  Photon Cannon  
  154  15:12  Photon Cannon  
  154  15:14  Photon Cannon  
  154  15:15  Photon Cannon  
  154  15:16  Photon Cannon  
Tags
 
Add a new tag
Caveats
  • Supply blocks, unpowered buildings, or Contaminate may cause inaccurate times.
  • Supply counts are checked every 10 seconds.